AoeStats
← pale.feola

Arena

509961952Analyzed
2v2 RM · 4d ago on Sep 28, 2026· 53m 1s· 4 players
Game mode
Random Map
Map size
Medium (4 player)
Population
200
Speed
Normal
Resources
Standard
Victory
Conquest
Starting age
Dark Age
Ending age
Imperial Age
RankedLock teamsTeams togetherTeam positionsShared explorationLock speedFull tech treeHidden civsTurbo modeCheats
Victory
Defeat
🇨🇱 Persians · Chile
836
+14
🇨🇱 Franks · Chile
826
+14
🇮🇹 Franks · Italy
783
-14
🇮🇹 Khmer · Italy
780
-14
Giank
13:11 Feudal Age
17:42 Castle Age
16:11 Double-Bit Axe
16:23 Horse Collar
18:44 Loom
21:02 Gold Mining
21:06 Stone Mining
21:23 Heavy Plow
23:45 Bow Saw
26:13 Town Watch
26:50 Fletching
27:05 Scale Mail Armor
27:03 Pikeman
29:48 Bodkin Arrow
30:04 Forging
35:02 Imperial Age
33:08 Arson
32:44 Man-at-Arms
34:54 Stone Shaft Mining
34:05 Long Swordsman
37:35 Conscription
38:02 Iron Casting
39:06 Chain Mail Armor
40:48 Chemistry
40:16 Halberdier
44:12 Bloodlines
43:24 Light Cavalry
44:05 Husbandry
51:41 Padded Archer Armor
pale.feola
9:37 Loom
11:22 Feudal Age
15:47 Castle Age
14:17 Double-Bit Axe
16:42 Town Watch
17:49 Wheelbarrow
17:29 Town Patrol
24:53 Gold Mining
25:17 Bow Saw
28:16 Hand Cart
29:24 Pikeman
30:32 Forging
39:17 Imperial Age
39:05 Caravan
39:51 Cavalier
40:55 Conscription
40:34 Halberdier
40:35 Man-at-Arms
41:01 Gambesons
41:16 Squires
41:02 Arson
41:22 Husbandry
42:56 Chemistry
42:08 Fortified Wall
41:24 Onager
43:14 Iron Casting
42:47 Scale Barding Armor
43:22 Iron Casting
42:47 Paladin
46:17 Gold Shaft Mining
45:34 Stone Mining
45:38 Long Swordsman
48:49 Two-Handed Swordsman
Dinamis
12:03 Feudal Age
16:07 Horse Collar
16:15 Double-Bit Axe
23:34 Castle Age
26:08 Kamandaran
28:47 Imperial Age
26:45 Crossbowman
28:39 Thumb Ring
29:26 Heavy Plow
30:29 Conscription
31:22 Fletching
31:33 Padded Archer Armor
33:53 Forging
34:00 Leather Archer Armor
38:48 Chemistry
39:13 Bow Saw
40:14 Wheelbarrow
42:59 Ballistics
45:03 Murder Holes
50:24 Citadels
shelenho_77
5:59 Loom
11:45 Feudal Age
12:33 Double-Bit Axe
17:16 Castle Age
21:35 Wheelbarrow
30:00 Husbandry
33:23 Imperial Age
30:57 Gold Mining
32:30 Scale Barding Armor
32:36 Forging
33:24 Cavalier
34:09 Chivalry
34:32 Conscription
35:17 Chain Barding Armor
35:32 Iron Casting
34:49 Paladin
37:09 Chemistry
37:22 Plate Barding Armor
Connection lost

Rejoining the realm…

Still unreachable

The connection could not be restored.

Session expired

The server has moved on; the page needs a fresh start.